 Dungeon Crawl Stone Soup version 0.28-a0-32-g8dfe7f97f6 (webtiles) character file.

Game seed: 5950735640241677443

17843 Zonian the Martial Artist (level 12, -4/123 HPs)
             Began as a Gnoll Transmuter on July 28, 2021.
             Was an Elder of Hepliaklqana.
             Slain by a dream sheep (5 damage)
             ... on level 4 of the Lair of Beasts.
             The game lasted 00:35:50 (18466 turns).

Zonian the Martial Artist (Gnoll Transmuter)       Turns: 18466, Time: 00:35:51

Health: -4/123     AC: 14    Str: 15    XL:     12   Next: 52%
Magic:  0/25       EV: 16    Int: 22    God:    Hepliaklqana [****..]
Gold:   552        SH:  0    Dex: 15    Spells: 17/29 levels left

rFire   . . .      SeeInvis .   b - +5 whip (elec)
rCold   . . .      Faith    .   (no shield)
rNeg    . . .      Spirit   +   w - +0 steam dragon scales
rPois   +          Reflect  .   g - +2 helmet
rElec   .          Harm     .   p - +0 cloak {rPois}
rCorr   .          Rampage  .   E - +2 pair of gloves
Will    .....                   (no boots)
Stlth   ..........              R - amulet of guardian spirit
HPRegen 0.30/turn               l - +6 ring of intelligence
MPRegen 0.19/turn               n - +6 ring of strength

@: berserking, very quick
A: reduced essence, fangs 1, strong nose, distributed training
a: Renounce Religion, Recall Ancestor, Ancestor Identity, Transference, Idealise


You were on level 4 of the Lair of Beasts.
You worshipped Hepliaklqana.
Hepliaklqana was greatly pleased with you.
You visited 2 branches of the dungeon, and saw 13 of its levels.

You collected 552 gold pieces.

Inventory:

Hand Weapons
 b - a +5 whip of electrocution (weapon)
 k - a +0 short sword of electrocution
 x - a +2 war axe of distortion
 B - a +2 hand axe of flaming
 D - a +2 scimitar
 F - a +4 dagger of chaos
 I - a +6 scimitar
 N - a +1 vorpal hand crossbow
Missiles
 j - a throwing net
 O - 19 bolts
 U - 2 curare-tipped darts
Armour
 a - a +0 robe
 g - a +2 helmet (worn)
 i - a +0 leather armour
 p - a +0 cloak of poison resistance (worn)
 w - +0 steam dragon scales (worn)
 E - a +2 pair of gloves (worn)
 G - a +2 robe of willpower
Magical Staves
 H - a staff of cold
 P - a staff of air
Jewellery
 l - a +6 ring of intelligence (left hand)
 n - a +6 ring of strength (right hand)
 s - a ring of see invisible
 t - a +6 ring of strength
 K - a ring of protection from cold
 L - a ring of fire
 Q - an amulet of magic regeneration
 R - an amulet of guardian spirit (around neck)
Wands
 h - a wand of digging (1)
 o - a wand of iceblast (10)
 A - a wand of charming (10)
Scrolls
 C - 3 scrolls of fog
 J - a scroll of holy word
 T - a scroll of amnesia {unknown}
Potions
 c - a potion of ambrosia
 d - 3 potions of berserk rage
 e - 2 potions of brilliance
 f - 3 potions of attraction
 m - 5 potions of curing
 q - 4 potions of degeneration
 r - a potion of lignification {unknown}
 u - a potion of heal wounds
 v - 3 potions of flight
 z - 3 potions of might
 M - 3 potions of mutation {unknown}
Miscellaneous
 y - a box of beasts


   Skills:
 + Level 7.9 Fighting
 + Level 7.3 Short Blades
 + Level 7.3 Long Blades
 + Level 7.3 Axes
 + Level 7.3 Maces & Flails
 + Level 7.3 Polearms
 + Level 7.3 Staves
 + Level 7.3 Slings
 + Level 7.3 Bows
 + Level 7.3 Crossbows
 + Level 7.3 Throwing
 + Level 7.3 Armour
 + Level 8.8 Dodging
 + Level 7.3 Stealth
 + Level 7.3 Shields
 + Level 9.9 Unarmed Combat
 + Level 9.0 Spellcasting
 + Level 6.1 Conjurations
 + Level 6.1 Hexes
 + Level 6.1 Summonings
 + Level 6.1 Necromancy
 + Level 6.1 Translocations
 + Level 7.3 Transmutations
 + Level 6.1 Fire Magic
 + Level 6.1 Ice Magic
 + Level 6.1 Air Magic
 + Level 6.1 Earth Magic
 + Level 6.1 Poison Magic
 + Level 8.1 Invocations
 + Level 7.3 Evocations


You had 17 spell levels left.
You knew the following spells:

 Your Spells              Type           Power      Damage    Failure   Level
a - Beastly Appendage     Tmut           84%        N/A       1%          1
b - Wereblood             Tmut           42%        N/A       1%          2
c - Ozocubu's Armour      Ice            36%        N/A       1%          3
d - Mephitic Cloud        Conj/Pois/Air  36%        N/A       1%          3
e - Stone Arrow           Conj/Erth      72%        3d11      1%          3

Your spell library contained the following spells:

 Spells                   Type           Power      Damage    Failure   Level
 Magic Dart               Conj           100%       1d8       1%          1
 Shock                    Conj/Air       100%       1d9       1%          1
 Summon Small Mammal      Summ           100%       N/A       1%          1
 Call Imp                 Summ           36%        N/A       1%          2
 Spider Form              Tmut/Pois      19%        N/A       1%          3
 Ice Form                 Ice/Tmut       39%        N/A       4%          4
 Animate Armour           Summ/Erth      72%        N/A       5%          4
 Fulminant Prism          Conj/Hex       18%        3d11      5%          4
 Iskenderun's Mystic Bla  Conj/Tloc      36%        2d9       5%          4
 Blade Hands              Tmut           21%        N/A       10%         5
 Bolt of Magma            Conj/Fire/Erth 18%        4d10      16%         5
 Fireball                 Conj/Fire      18%        3d9       16%         5
 Iskenderun's Battlesphe  Conj           36%        2d9       16%         5
 Lee's Rapid Deconstruct  Erth           18%        3d12*     16%         5
 Conjure Ball Lightning   Conj/Air       18%        3x3d6     63%         6
 Iron Shot                Conj/Erth      18%        9d4       63%         6
 Orb of Destruction       Conj           18%        9d8       99%         7
 Ozocubu's Refrigeration  Ice            18%        4d8       99%         7
 Shatter                  Erth           18%        3d17*     100%        9


Dungeon Overview and Level Annotations

Branches:
Dungeon (9/15)             Temple (0/1) D:4            Lair (4/6) D:9
 Spider (0/4) Lair:4
  Swamp: Lair:2-4    Shoals: Lair:2-4       Orc: D:9-12

Altars:
Cheibriados
Dithmenos
Fedhas
Hepliaklqana
Makhleb
Nemelex Xobeh
Ru
Sif Muna
Xom
The Shining One
Jiyva

Annotations:
D:9 3 runed translucent doors, Spectrina's ghost, novice DgIE


Innate Abilities, Weirdness & Mutations

Your life essence is reduced to manifest your ancestor. (-10% HP)
You have very sharp teeth.
Your uncanny sense of smell can sniff out nearby items.
Your experience applies equally to all skills.


Message History

The dream sheep bleats in terror.
The dream sheep looks frightened!
The dream sheep bleats!
The dream sheep bleats in terror.
The dream sheep looks frightened!
The dream sheep bleats!
The dream sheep panics and turns to flee.
The dream sheep looks frightened!
The dream sheep stampedes away.
The yak looks frightened!
Cornered, the dream sheep turns to fight!
The dream sheep shake their wool and sparkle.
You feel drowsy...
You fall asleep.
Cornered, the dream sheep turns to fight!
The dream sheep seems to regain its courage.
The death yak barely misses you. The death yak gores you!!!
You wake up.
* * * LOW HITPOINT WARNING * * *
The dream sheep bites you.
* * * LOW HITPOINT WARNING * * *
Okay, then.
Okay, then.
Unknown command.
A red film seems to cover your vision as you go berserk!
You feel yourself moving faster!
You feel mighty! The death yak barely misses you.
The dream sheep bites you but does no damage.
The dream sheep bites you!
* * * LOW HITPOINT WARNING * * *
You hit the death yak. You bite the death yak.
The death yak is lightly wounded.
The death yak completely misses you.
You whack the death yak!
Lightning courses through the death yak!
The death yak is moderately wounded.
The death yak gores you but does no damage.
The dream sheep bites you!
* * * LOW HITPOINT WARNING * * *
The dream sheep bites you.
You die...

#...............##
#............###
#..........###
##.....YR...#
#.....R.##### ###
.Y#...### #####.#
.Y...## #.....##
#.Y.## #.#...Y..#
#YY## #...YY@.##
##.# .......YY.#
#..##
...Y......###
###.##
............#
#...#
............#
#P..##
#..........##
##...#
#..........#
##.###
.#.........# #.Y.#
##......Y.#


You could see 2 death yaks and 4 dream sheep.

Vanquished Creatures
  A hydra (Lair:1)
  A wizard (D:9)
  Maggie (D:6)
  A gargoyle (D:7)
  Psyche (D:8)
  A komodo dragon (Lair:4)
  A polar bear (Lair:4)
  A troll (D:9)
  A blink frog (Lair:2)
  4 dream sheep (Lair:4)
  12 yaks
  A steam dragon (D:7)
  5 small abominations (D:9)
  8 water moccasins
  An orc warrior (D:6)
  An ice beast (D:8)
  A black bear (D:5)
  7 wolves (Lair:4)
  2 necrophages
  3 large abominations (D:9)
  4 centaurs
  An ogre (D:5)
  6 bullfrogs
  2 wyvern skeletons
  7 wights (D:8)
  An electric eel (Lair:4)
  A bullfrog zombie (D:6)
  3 centaur zombies
  3 jellies
  6 hounds
  4 orc priests
  3 iguanas
  Jessica (D:2)
  2 centaur skeletons
  5 orc wizards
  Natasha (thrice) (D:2)
  3 hell rats (Lair:3)
  A hound skeleton (D:4)
  A howler monkey skeleton (D:5)
  2 howler monkey zombies (D:7)
  10 adders
  2 white imps
  An ufetubus (D:4)
  A worm (D:3)
  A dart slug (D:3)
  22 orcs
  6 ball pythons
  4 bats
  6 endoplasms
  A giant cockroach (D:3)
  9 goblins
  7 hobgoblins
  10 jackals
  5 quokkas
  9 kobolds
  4 rats (D:1)
211 creatures vanquished.

Vanquished Creatures (collateral kills)
  A hydra (Lair:2)
  A catoblepas (Lair:4)
  A cane toad (Lair:2)
  3 komodo dragons
  A troll (D:8)
  2 polar bears
  A hornet (Lair:2)
  2 blink frogs (Lair:2)
  3 dream sheep (Lair:4)
  A large abomination (D:9)
  A basilisk (Lair:4)
  8 yaks
  2 small abominations (D:9)
  An orc warrior (D:7)
  A hornet zombie (D:8)
  2 wolves (Lair:4)
  4 bullfrogs
  A wight (D:8)
  A hound (D:6)
  A centaur skeleton (D:7)
  A jelly (D:8)
  A hell rat (Lair:3)
  An adder (D:6)
  A dart slug (D:5)
  7 orcs
  A goblin (D:8)
50 creatures vanquished.

Vanquished Creatures (others)
  A jelly (D:7)
  An orc wizard (D:3)
  4 knights
  An ancestor (D:6)
  12 fungi
  3 plants
22 creatures vanquished.

Grand Total: 283 creatures vanquished

Notes
Turn   | Place    | Note
-------+----------+-------------------------------------------
     0 | D:1      | Zonian the Gnoll Transmuter began the quest for the Orb.
     0 | D:1      | Reached XP level 1. HP: 17/17 MP: 6/6
   248 | D:1      | Reached XP level 2. HP: 22/23 MP: 5/7
  1000 | D:1      | Reached XP level 3. HP: 20/28 MP: 9/9
  1199 | D:2      | Reached skill level 5 in Spellcasting
  1333 | D:2      | Noticed Natasha
  1339 | D:2      | Killed Natasha
  1340 | D:2      | Reached skill level 1 in Short Blades
  1340 | D:2      | Reached skill level 1 in Long Blades
  1340 | D:2      | Reached skill level 1 in Axes
  1340 | D:2      | Reached skill level 1 in Maces & Flails
  1340 | D:2      | Reached skill level 1 in Polearms
  1340 | D:2      | Reached skill level 1 in Staves
  1340 | D:2      | Reached skill level 1 in Slings
  1340 | D:2      | Reached skill level 1 in Bows
  1340 | D:2      | Reached skill level 1 in Crossbows
  1340 | D:2      | Reached skill level 1 in Throwing
  1340 | D:2      | Reached skill level 1 in Armour
  1340 | D:2      | Reached skill level 1 in Stealth
  1340 | D:2      | Reached skill level 1 in Shields
  1340 | D:2      | Reached skill level 1 in Invocations
  1340 | D:2      | Reached skill level 1 in Evocations
  1377 | D:2      | Noticed Jessica
  1383 | D:2      | Killed Jessica
  1384 | D:2      | Reached XP level 4. HP: 33/34 MP: 11/11
  1427 | D:2      | Reached skill level 1 in Conjurations
  1427 | D:2      | Reached skill level 1 in Hexes
  1427 | D:2      | Reached skill level 1 in Summonings
  1427 | D:2      | Reached skill level 1 in Necromancy
  1427 | D:2      | Reached skill level 1 in Translocations
  1427 | D:2      | Reached skill level 1 in Fire Magic
  1427 | D:2      | Reached skill level 1 in Ice Magic
  1427 | D:2      | Reached skill level 1 in Air Magic
  1427 | D:2      | Reached skill level 1 in Earth Magic
  1427 | D:2      | Reached skill level 1 in Poison Magic
  1550 | D:2      | Noticed Natasha
  1558 | D:2      | Killed Natasha
  1559 | D:2      | Reached XP level 5. HP: 40/40 MP: 10/12
  1562 | D:2      | Noticed Natasha
  1575 | D:2      | Killed Natasha
  2160 | D:2      | Learned a level 2 spell: Wereblood
  2580 | D:3      | Reached XP level 6. HP: 27/47 MP: 11/13
  2835 | D:3      | Reached skill level 5 in Dodging
  3605 | D:3      | Found a hazy altar of Hepliaklqana.
  3613 | D:3      | Became a worshipper of Hepliaklqana the Forgotten
  4330 | D:4      | Noticed a necrophage
  4352 | D:4      | Killed a necrophage
  4353 | D:4      | Reached XP level 7. HP: 29/52 MP: 13/15
  4880 | D:4      | Found a staircase to the Ecumenical Temple.
  5458 | D:4      | Found a blossoming altar of Fedhas.
  5597 | D:4      | Reached * piety under Hepliaklqana
  5890 | D:5      | Entered Level 5 of the Dungeon
  6210 | D:5      | Found a snail-covered altar of Cheibriados.
  6254 | D:5      | Reached XP level 8. HP: 30/54 MP: 14/16
  6610 | D:5      | Found a glowing golden altar of the Shining One.
  6610 | D:5      | Found a sacrificial altar of Ru.
  6610 | D:5      | Found a shadowy altar of Dithmenos.
  6922 | D:6      | Noticed Maggie
  6934 | D:6      | Killed Maggie
  7415 | D:6      | Reached skill level 5 in Transmutations
  7415 | D:6      | Reached XP level 9. HP: 40/59 MP: 18/18
  8078 | D:6      | Reached ** piety under Hepliaklqana
  8079 | D:6      | Remembered your ancestor *&^%$#))!!~ as a knight
  8443 | D:7      | Noticed a gargoyle
  8447 | D:7      | Killed a gargoyle
  8448 | D:7      | Reached skill level 5 in Fighting
  8927 | D:6      | Reached skill level 5 in Invocations
  9614 | D:7      | Reached XP level 10. HP: 51/66 MP: 18/20
  9627 | D:7      | Reached skill level 5 in Short Blades
  9627 | D:7      | Reached skill level 5 in Long Blades
  9627 | D:7      | Reached skill level 5 in Axes
  9627 | D:7      | Reached skill level 5 in Maces & Flails
  9627 | D:7      | Reached skill level 5 in Polearms
  9627 | D:7      | Reached skill level 5 in Staves
  9627 | D:7      | Reached skill level 5 in Slings
  9627 | D:7      | Reached skill level 5 in Bows
  9627 | D:7      | Reached skill level 5 in Crossbows
  9627 | D:7      | Reached skill level 5 in Throwing
  9627 | D:7      | Reached skill level 5 in Armour
  9627 | D:7      | Reached skill level 5 in Stealth
  9627 | D:7      | Reached skill level 5 in Shields
  9627 | D:7      | Reached skill level 5 in Evocations
 10623 | D:7      | Found a burning altar of Makhleb.
 11147 | D:8      | Noticed Psyche
 11163 | D:8      | Killed Psyche
 11883 | D:8      | Reached *** piety under Hepliaklqana
 12358 | D:9      | Found a shimmering blue altar of Sif Muna.
 12366 | D:9      | Got Sif Muna's Collected Works on Conjuration
 12368 | D:9      | Got Sif Muna's Reference Book on Illusion
 12817 | D:9      | Found a runed translucent gate.
 12817 | D:9      | Found a runed translucent gate.
 12817 | D:9      | Found a runed translucent gate.
 12818 | D:9      | Found a viscous altar of Jiyva.
 12818 | D:9      | Noticed Spectrina's ghost (novice DgIE)
 12858 | D:9      | Noticed a wizard
 12868 | D:9      | Killed a wizard
 12871 | D:9      | Noticed a large abomination
 13461 | D:9      | Found a sparkling altar of Nemelex Xobeh.
 13807 | D:9      | Killed a large abomination
 13808 | D:9      | Reached XP level 11. HP: 74/74 MP: 22/22
 14251 | D:9      | Found a staircase to the Lair.
 14447 | D:9      | Noticed a large abomination
 14456 | D:9      | Killed a large abomination
 14457 | D:9      | Reached skill level 5 in Conjurations
 14457 | D:9      | Reached skill level 5 in Hexes
 14457 | D:9      | Reached skill level 5 in Summonings
 14457 | D:9      | Reached skill level 5 in Necromancy
 14457 | D:9      | Reached skill level 5 in Translocations
 14457 | D:9      | Reached skill level 5 in Fire Magic
 14457 | D:9      | Reached skill level 5 in Ice Magic
 14457 | D:9      | Reached skill level 5 in Air Magic
 14457 | D:9      | Reached skill level 5 in Earth Magic
 14457 | D:9      | Reached skill level 5 in Poison Magic
 14859 | D:9      | Learned a level 3 spell: Ozocubu's Armour
 14888 | Lair:1   | Entered Level 1 of the Lair of Beasts
 15463 | Lair:1   | You fall into a shaft and drop 1 floor!
 15511 | Lair:2   | Noticed a four-headed hydra
 15515 | Lair:2   | You fall into a shaft and drop 2 floors!
 15517 | Lair:4   | Found a hole to the Spider Nest.
 16158 | Lair:4   | Reached **** piety under Hepliaklqana
 16203 | Lair:4   | Learned a level 3 spell: Mephitic Cloud
 16715 | Lair:2   | Noticed a five-headed hydra
 16722 | Lair:2   | Killed a five-headed hydra
 16723 | Lair:2   | Reached XP level 12. HP: 79/81 MP: 22/24
 17270 | Lair:1   | Learned a level 3 spell: Stone Arrow
 17271 | Lair:1   | Noticed an eight-headed hydra
 17278 | Lair:1   | Killed an eight-headed hydra
 18030 | Lair:2   | You fall into a shaft and drop 2 floors!
 18031 | Lair:4   | Noticed a catoblepas
 18107 | Lair:4   | Killed a catoblepas
 18362 | Lair:4   | Noticed a death yak
 18363 | Lair:4   | Noticed a death yak
 18363 | Lair:4   | Noticed a death yak
 18363 | Lair:4   | Noticed a death yak
 18425 | Lair:4   | Noticed a death yak
 18442 | Lair:4   | Found a shimmering altar of Xom.
 18466 | Lair:4   | HP: 1/123 [dream sheep (9)]
 18466 | Lair:4   | Slain by a dream sheep

Illustrated notes

Levels and vault maps discovered:
D:1:      scummos_arrival_gate, layout_loops_ring, supply_closet_lemuel,
          minmay_pentomino_r4
D:2:      layout_loops_ring, uniq_jessica, uniq_natasha
D:3:      minmay_skewed_foursquare, layout_loops_ring,
          mainiacjoe_overflow_surrounded_room
D:4:      layout_cave_pods, fedhas_altar_4, minmay_temple_entry_large_hall,
          grunt_decor_clamped
D:5:      lemuel_ice_spiral_2, layout_basic,
          gammafunk_temple_overflow_forgotten, overflow_temple_1_default,
          grunt_tough_drop
D:6:      layout_basic, serial_glass, glass_columns_b, glass_columns_a,
          uniq_maggie
D:7:      layout_cave_pools, lightli_temple_of_fire
D:8:      layout_loops_corners, enter_bailey_5, uniq_psyche
D:9:      layout_loops_ring, marbit_many_paths, nicolae_sif_muna_little_library,
          lair_entry_dummy, gammafunk_ghost_ooze, laboratory
Lair:1:   layout_regular_city, serial_bayou_shore_b
Lair:2:   layout_cave_shapes, swamp_mist
Lair:3:   layout_cave_pods, st_stairs_7, eino_house_with_fridge
Lair:4:   layout_cave_pods, dummy_spider_entry, lemuel_centaur_altar,
          infiniplex_staircase_pool, grunt_megastairs_2

Skill      XL: |  1  2  3  4  5  6  7  8  9 10 11 12 |
---------------+-------------------------------------+-----
Spellcasting   | 5 6 7 8 9 |  9.0
Short Blades   | 1 2 3 4 5 6 7 |  7.3
Long Blades    | 1 2 3 4 5 6 7 |  7.3
Axes           | 1 2 3 4 5 6 7 |  7.3
Maces & Flails | 1 2 3 4 5 6 7 |  7.3
Polearms       | 1 2 3 4 5 6 7 |  7.3
Staves         | 1 2 3 4 5 6 7 |  7.3
Slings         | 1 2 3 4 5 6 7 |  7.3
Bows           | 1 2 3 4 5 6 7 |  7.3
Crossbows      | 1 2 3 4 5 6 7 |  7.3
Throwing       | 1 2 3 4 5 6 7 |  7.3
Armour         | 1 2 3 4 5 6 7 |  7.3
Stealth        | 1 2 3 4 5 6 7 |  7.3
Shields        | 1 2 3 4 5 6 7 |  7.3
Invocations    | 1 2 3 4 5 6 7 8 |  8.1
Evocations     | 1 2 3 4 5 6 7 |  7.3
Conjurations   | 1 2 3 4 5 6 |  6.1
Hexes          | 1 2 3 4 5 6 |  6.1
Summonings     | 1 2 3 4 5 6 |  6.1
Necromancy     | 1 2 3 4 5 6 |  6.1
Translocations | 1 2 3 4 5 6 |  6.1
Fire Magic     | 1 2 3 4 5 6 |  6.1
Ice Magic      | 1 2 3 4 5 6 |  6.1
Air Magic      | 1 2 3 4 5 6 |  6.1
Earth Magic    | 1 2 3 4 5 6 |  6.1
Poison Magic   | 1 2 3 4 5 6 |  6.1
Fighting       | 3 4 5 6 7 |  7.9
Transmutations | 4 5 6 7 |  7.3
Dodging        | 5 6 7 8 |  8.8
Unarmed Combat | 7 8 9 |  9.9

Action                   |  1- 3 |  4- 6 |  7- 9 | 10-12 || total
-------------------------+-------+-------+-------+-------++-------
Melee: Whip              |    55 |   129 |   194 |   355 ||   733
       Unarmed           |     1 |       |       |       ||     1
       Headbutt          |     5 |    13 |    25 |    49 ||    92
       Kick              |     4 |    22 |    32 |    71 ||   129
       Bite              |     1 |     9 |    21 |    49 ||    80
       Punch             |       |     4 |     4 |    19 ||    27
Throw: Throwing net      |       |       |       |     1 ||     1
 Cast: Beastly Appendage |    16 |    28 |    28 |    24 ||    96
       Ozocubu's Armour  |       |       |       |     1 ||     1
Invok: Ancestor Identity |       |       |     1 |       ||     1
       Ancestor Life: Kn |       |       |     1 |       ||     1
       Recall Ancestor   |       |       |       |     5 ||     5
Evoke: Wand              |       |       |     4 |    37 ||    41
  Use: Scroll            |     1 |     4 |    10 |     9 ||    24
       Potion            |       |       |       |     3 ||     3
 Stab: Sleeping          |     2 |     2 |     2 |     4 ||    10
       Held in net/web   |       |       |       |     1 ||     1
Armor: Robe              |     9 |    11 |       |       ||    20
       Leather armour    |       |    14 |    11 |       ||    25
       Steam dragon scal |       |       |    27 |    82 ||   109
Dodge: Dodged            |    49 |    85 |   128 |   236 ||   498

Table legend: (Time is in decaauts)
 A = Elapsed time spent in this place.
 B = Non-inter-level travel time spent in this place.
 C = Inter-level travel time spent in this place.
 D = Time resting spent in this place.
 E = Time spent auto-exploring this place.
 F = Levels seen in this place.
 G = Mean time per level.
                   A        B        C        D        E       F      G
               +--------+--------+--------+--------+--------+-----+--------+
         Total |  18395 |  17703 |    692 |   7391 |   7854 |  13 | 1415.0 |
       Dungeon |  14865 |  14209 |    656 |   5733 |   6708 |   9 | 1651.7 |
          Lair |   3529 |   3493 |     36 |   1658 |   1146 |   4 |  882.2 |
               +--------+--------+--------+--------+--------+-----+--------+

Top non-repeatable levels by time:
     D:9: 2360 daAuts
     D:6: 2078 daAuts
     D:3: 1851 daAuts
  Lair:1: 1711 daAuts
     D:2: 1577 daAuts
     D:8: 1494 daAuts
     D:5: 1435 daAuts
     D:7: 1375 daAuts
     D:4: 1359 daAuts
     D:1: 1333 daAuts
  Lair:4: 1269 daAuts
  Lair:3: 287 daAuts
  Lair:2: 261 daAuts
